 Dungeon Crawl Stone Soup version 0.19-a0-1268-g6c5d9f8 (webtiles) character file.

27 inmateoo the Magician (level 2, -2/23 HPs)
             Began as a Draconian Wanderer on Aug 29, 2016.
             Slain by a hobgoblin
             ... wielding a +0 club
              (6 damage)
             ... on level 1 of the Dungeon.
             The game lasted 00:01:04 (547 turns).

inmateoo the Magician (Draconian Wanderer)           Turns: 547, Time: 00:01:05

Health: -2/23      AC:  4    Str: 13    XL:     2   Next: 93%
Magic:  7/7        EV: 11    Int: 14    God:
Gold:   0          SH:  0    Dex:  9    Spells: 1 memorised, 8 levels left

rFire  . . .     SeeInvis .     a - +2 dagger
rCold  . . .     Gourm    .     (armour unavailable)
rNeg   . . .     Faith    .     (no shield)
rPois  .         Spirit   .     (helmet restricted)
rElec  .         Dismiss  .     (no cloak)
rCorr  .         Reflect  .     (no gloves)
MR     .....     Harm     .     (no boots)
Stlth  +.........               (no amulet)
                                (no ring)
                                (no ring)

@: no status effects
A: unfitting armour, cold-blooded, AC +4
a: no special abilities


You were on level 1 of the Dungeon.
You were not hungry.

You visited 1 branch of the dungeon, and saw 1 of its levels.

Inventory:

Hand Weapons
 a - a +2 dagger (weapon)
Scrolls
 i - a scroll of identify {unknown}
Potions
 b - a potion of heal wounds
 d - a potion of lignification
 e - a potion of magic {unknown}
 h - a potion of degeneration {unknown}
Books
 c - the Compendium of the Mountains

   Spells                             Type                      Level
   a - Sandblast                      Earth                        1
   b - Stone Arrow                    Conjuration/Earth            3
Comestibles
 f - a bread ration
 g - 2 beef jerkies


   Skills:
 + Level 1.3 Fighting
 + Level 1.8 Stealth
 * Level 1.3 Unarmed Combat
 + Level 4.0 Spellcasting
   Level 2.0 Conjurations
 + Level 2.4 Earth Magic


You had 8 spell levels left.
You knew the following spells:

 Your Spells              Type           Power        Failure   Level  Hunger
a - Sandblast             Erth           #.....       10%         1    None


Dungeon Overview and Level Annotations

Branches:
Dungeon (1/15)

Altars:


Innate Abilities, Weirdness & Mutations

Your plain brown scales are hard. (AC +4)
Your body does not fit into most forms of armour.
You are cold-blooded and may be slowed by cold attacks.


Message History

You are too injured to fight recklessly!
You are too injured to fight recklessly!
You are too injured to fight recklessly!
You are too injured to fight recklessly!
You are too injured to fight recklessly!
You are too injured to fight recklessly!
You hit the hobgoblin.
You kill the hobgoblin!
You swing at nothing.
You start resting.
A hobgoblin comes into view. It is wielding a club.
Okay, then.
The hobgoblin shouts!
You see here 15 gold pieces.
The hobgoblin hits you with a club.
* * * LOW HITPOINT WARNING * * *
You hit the hobgoblin.
The hobgoblin is moderately wounded.
The hobgoblin hits you with a club.
You die...

...# ..# #†# #.#
#.# #.# #.# ####
.######$# #...
.......@#####+###
#.##
########g).......
#.## #.........
#.##
#######†...>....
#.##
#.....'........$
#.##
#.#####.........
#.# #.#
#......... #.#
#.# #.........
#.# #.#
########## #.#


You could see a hobgoblin.

Vanquished Creatures
  4 dart slugs (D:1)
  A giant gecko (D:1)
  A goblin (D:1)
  A hobgoblin (D:1)
  3 jackals (D:1)
  2 kobolds (D:1)
  2 bats (D:1)
  A giant newt (D:1)
  3 rats (D:1)
18 creatures vanquished.

Notes
Turn   | Place    | Note
-------+----------+-------------------------------------------
     0 | D:1      | inmateoo the Draconian Wanderer began the quest for the Orb.
     0 | D:1      | inmateoo set off with: a +2 dagger, a potion of heal wounds, the Compendium of the Mountains, a potion of lignification, a bread ration
     0 | D:1      | Reached XP level 1. HP: 14/14 MP: 5/5
     0 | D:1      | Identified the Compendium of the Mountains
     2 | D:1      | Learned a level 1 spell: Sandblast
   114 | D:1      | Reached skill level 1 in Unarmed Combat
   114 | D:1      | Reached XP level 2. HP: 13/22 MP: 7/7
   207 | D:1      | Reached skill level 1 in Fighting
   547 | D:1      | Slain by a hobgoblin

Vault maps used:
D:1:      saegor_arrival_simple_b

Skill      XL: |  1  2 |
---------------+-------+-----
Unarmed Combat | 1 |  1.3
Fighting       | 1 |  1.3
Stealth        | |  1.8
Spellcasting   | |  4.0
Conjurations   | |  2.0
Earth Magic    | |  2.4

Action                   || total
-------------------------++-------
Melee: Dagger            ||    76
       Tailslap          ||     9
 Cast: Sandblast         ||     6
 Stab: Sleeping          ||     2
Armor: Skin              ||    24
Dodge: Dodged            ||    60
